[Event "Team 45 45 League T38"]
[Site "Internet Chess Club"]
[Date "2008.08.29"]
[Round "6"]
[White "Kingmaker"]
[Black "Paulkov"]
[Result "0-1"]
[WhiteElo "1990"]
[BlackElo "1871"]
[Opening "King's Indian: London system"]
[ECO "A48"]
[Time "19:20:59"]
[TimeControl "2700+45"]

1. d4 Nf6 2. Nf3 g6 3. Bf4 Bg7 4. e3 d6 5. c4 c6 6. Nc3 O-O 7. Be2 Nbd7 8. Qc2
Re8 9. Rd1 Nh5 10. Bg3 Nxg3 11. hxg3 e5 12. Ne4 Nf6 13. dxe5 Nxe4 14. Qxe4 Qa5+
15. Kf1 Bf5 16. Qh4 dxe5 17. Qxh7+ Kf8 18. Nh4 Bc2 19. Ra1 Rad8 20. Nf3 Qb4 21.
b3 Qc3 22. Re1 e4 23. Nd4 Rxd4 24. exd4 e3 25. f4 Qd2 26. Qh4 Bxd4 27. Qh6+ Bg7
28. Qh4 Bd3 29. g4 Bc3 30. Bxd3 Qxd3+ 31. Re2 Re4 32. f5 Qd1+ 33. Re1 Rf4+ 34.
Kg1 Bxe1 35. Qh8+ Ke7 36. Qe5+ Kd7 37. Qxf4 Bg3+ 38. Qf1 e2 39. Rh7 exf1=R#
{White checkmated} 0-1

[Event "Team 45 45 League T38"]
[Site "Internet Chess Club"]
[Date "2008.08.28"]
[Round "6"]
[White "ddlj81"]
[Black "imgr8"]
[Result "0-1"]
[WhiteElo "1875"]
[BlackElo "1970"]
[Opening "Sicilian: Labourdonnais-Löwenthal (Kalashnikov) variation"]
[ECO "B32"]
[Time "20:00:06"]
[TimeControl "2700+45"]

1. e4 c5 2. Nf3 Nc6 3. d4 cxd4 4. Nxd4 e5 5. Nb5 d6 6. c4 Be7 7. Bd3 Be6 8. Be3
Nf6 9. Nd2 O-O 10. f3 Nd7 11. Nf1 a6 12. Nc3 Nc5 13. a3 Na5 14. Nd5 Nab3 15.
Bxc5 Nxc5 16. b4 Bxd5 17. bxc5 Be6 18. Ne3 Qa5+ 19. Kf2 Qxc5 20. Qb3 Bg5 21.
Rhe1 b5 22. Rac1 Rac8 23. Qa2 bxc4 24. Qd2 c3 25. Qe2 Qxa3 26. Ra1 Bxe3+ 27.
Qxe3 Qb2+ 28. Qe2 Qxe2+ 29. Rxe2 Bc4 30. Bxc4 Rxc4 31. Rc2 Rc6 32. Ra3 Rfc8 33.
Ke3 f6 34. Kd3 Kf7 35. g4 Ke6 36. h4 g6 37. Ra5 f5 38. g5 fxe4+ 39. fxe4 Rb8 40.
Ke3 Rb2 41. Kd3 Rxc2 42. Kxc2 Kd7 43. Ra1 Kc7 44. Rf1 Kb6 45. Rf7 Rc7 46. Rf6
Kc5 47. Kxc3 a5 48. Kb3 Rb7+ 49. Kc3 a4 50. Rf8 Rb3+ 51. Kc2 Rh3 52. Ra8 a3 53.
Ra7 Rxh4 54. Rxa3 Rxe4 55. Rg3 d5 56. Kd3 Ra4 57. Kc2 d4 58. Rh3 Ra7 59. Rh4 Kc4
60. Kd2 Ra2+ 61. Ke1 Rg2 62. Rxh7 Kd3 63. Rh6 Rxg5 64. Rh3+ Ke4 65. Ke2 Rg2+ 66.
Ke1 g5 67. Kf1 Ra2 68. Rg3 Kf4 69. Rb3 e4 70. Ke1 d3 71. Kf1 Ke3 72. Rc3 Ra1+
73. Kg2 Ke2 74. Rc4 e3 {White resigns} 0-1

[Event "Team 45 45 League T38"]
[Site "Internet Chess Club"]
[Date "2008.08.28"]
[Round "6"]
[White "jefferyx"]
[Black "Mitch99"]
[Result "1-0"]
[WhiteElo "1850"]
[BlackElo "1704"]
[Opening "French: Tarrasch, open variation"]
[ECO "C07"]
[Time "20:00:08"]
[TimeControl "2700+45"]

1. e4 e6 2. d4 d5 3. Nd2 c5 4. c3 Nc6 5. Ne2 Qb6 6. exd5 exd5 7. Nf3 cxd4 8.
Nexd4 Bc5 9. Bb5 Ne7 10. O-O O-O 11. Bd3 Ng6 12. Be3 Qxb2 13. Bxg6 hxg6 14. Nxc6
Bxe3 15. Ne7+ Kh8 16. fxe3 Qxc3 17. Nxd5 Qc5 18. Rc1 Qb6 19. Nxb6 axb6 20. Ne5
Bf5 21. Rc7 Rxa2 22. Nxf7+ Kh7 23. Rxf5 {Black resigns} 1-0

[Event "Team 45 45 League T38"]
[Site "Internet Chess Club"]
[Date "2008.08.28"]
[Round "6"]
[White "tenor"]
[Black "qs16"]
[Result "1-0"]
[WhiteElo "1758"]
[BlackElo "1781"]
[Opening "Sicilian: Najdorf, Opocensky variation"]
[ECO "B92"]
[Time "13:00:11"]
[TimeControl "2700+45"]

1. e4 c5 2. Nf3 d6 3. d4 cxd4 4. Nxd4 Nf6 5. Nc3 a6 6. Be2 e5 7. Nb3 Be7 8. Be3
Be6 9. O-O O-O 10. f4 exf4 11. Bxf4 Nc6 12. Bf3 Re8 13. Nd5 Ne5 14. Qe2 Nxd5 15.
exd5 Bd7 16. Bxe5 dxe5 17. Kh1 Bd6 18. c4 Rc8 19. Rac1 b6 20. Be4 Qh4 21. Qf3
Rf8 22. h3 f5 23. Bb1 Rxc4 24. Rcd1 Rg4 25. Qf2 Qh6 26. Qxb6 f4 27. Be4 Rg3 28.
Rd3 Bxh3 29. Rxg3 Bf5+ 30. Kg1 fxg3 31. Rxf5 Rb8 32. Qa7 Qh2+ 33. Kf1 Qh1+ 34.
Ke2 Qh4 35. Nd2 Qg4+ 36. Rf3 h5 37. Qf7+ Kh8 38. b3 h4 39. Qf5 Qxf5 40. Rxf5 Be7
41. Nf3 Bf6 42. Nxh4 Rb4 43. Ke3 Kg8 44. Nf3 Bd8 45. Rxe5 Bb6+ 46. Kd3 Bc7 47.
Re6 Kf7 48. Bg6+ {Black resigns} 1-0

[Event "Team 45 45 League T38"]
[Site "Internet Chess Club"]
[Date "2008.09.02"]
[Round "6"]
[White "oldsj"]
[Black "siddhu"]
[Result "1/2-1/2"]
[WhiteElo "1589"]
[BlackElo "1790"]
[Opening "Ruy Lopez: Berlin defense, open variation"]
[ECO "C67"]
[Time "16:57:26"]
[TimeControl "2700+45"]

1. e4 e5 2. Nf3 Nc6 3. Bb5 Nf6 4. O-O Nxe4 5. d4 Nd6 6. Bxc6 dxc6 7. dxe5 Nf5 8.
Qxd8+ Kxd8 9. Nc3 Ne7 10. Rd1+ Ke8 11. Bg5 h6 12. Bh4 g5 13. Bg3 Nf5 14. Ne4
Nxg3 15. Nxg3 Bg4 16. Rd3 Bxf3 17. Rxf3 Rd8 18. Ne4 Bg7 19. Nf6+ Bxf6 20. Rxf6
Rd2 21. Rc1 Re2 22. Rf5 Ke7 23. Kf1 Rd2 24. Ke1 Rhd8 25. Rf3 R2d5 26. Re3 Ke6
27. Ke2 Rxe5 28. g4 Rxe3+ 29. Kxe3 f5 30. f3 f4+ 31. Ke2 c5 32. c4 b6 33. Rc3 c6
34. a4 Rd4 35. b3 a6 36. Rd3 b5 37. a5 bxc4 38. Rxd4 cxd4 39. bxc4 Kd6 40. Kd2
{Game drawn by mutual agreement} 1/2-1/2

[Event "Team 45 45 League T38"]
[Site "Internet Chess Club"]
[Date "2008.08.31"]
[Round "6"]
[White "Solfege"]
[Black "LuxAeterna"]
[Result "1-0"]
[WhiteElo "1920"]
[BlackElo "1818"]
[Opening "Queen's pawn game"]
[ECO "A45"]
[Time "20:11:06"]
[TimeControl "2700+45"]

1. d4 Nf6 2. Nd2 c6 3. e4 d6 4. Ngf3 Qa5 5. Bd3 Bg4 6. O-O e5 7. Nc4 Qc7 8. dxe5
Bxf3 9. exd6 Bxd1 10. dxc7 Na6 11. Rxd1 Nxc7 12. Bf4 Ne6 13. Nd6+ Ke7 14. Bg3
Nh5 15. Nxb7 Nxg3 16. hxg3 Rb8 17. Na5 Kd7 18. c3 Rxb2 19. Nc4 Rb5 20. Nd6 Bxd6
21. Bxb5 cxb5 22. e5 Nc5 23. Rxd6+ Ke7 24. Rc6 Nd3 25. f4 a5 26. Rd1 Nb2 27.
Rc7+ Ke6 28. Rd6+ Kf5 29. Rxf7+ Ke4 30. Kf2 {Black resigns} 1-0

[Event "Team 45 45 League T38"]
[Site "Internet Chess Club"]
[Date "2008.09.02"]
[Round "6"]
[White "Rainbird"]
[Black "Avedldesierto"]
[Result "1-0"]
[WhiteElo "1832"]
[BlackElo "1824"]
[Opening "English: ultra-symmetrical variation"]
[ECO "A36"]
[Time "19:00:23"]
[TimeControl "2700+45"]

1. c4 g6 2. g3 Bg7 3. Bg2 c5 4. Nc3 Nc6 5. a3 a6 6. Rb1 e6 7. b4 Bxc3 8. dxc3
Qf6 9. Qc2 Ne5 10. Nf3 Nxc4 11. O-O d5 12. bxc5 Bd7 13. Rxb7 Bb5 14. a4 Na5 15.
Rxb5 axb5 16. axb5 Nc4 17. Bg5 Qf5 18. Qxf5 gxf5 19. Nd2 Nxd2 20. Bxd2 Ra5 21.
Rb1 Nf6 22. c4 Ra2 23. Bc3 Ke7 24. cxd5 exd5 25. Bxd5 Rxe2 26. Ra1 Rb8 27. Ra7+
Nd7 28. c6 Rxb5 29. Rxd7+ Kf8 30. c7 Re8 31. Rxf7+ {Black resigns} 1-0

[Event "Team 45 45 League T38"]
[Site "Internet Chess Club"]
[Date "2008.08.29"]
[Round "6"]
[White "catrasca"]
[Black "Konstantinos"]
[Result "1/2-1/2"]
[WhiteElo "1704"]
[BlackElo "1678"]
[Opening "Sicilian: Labourdonnais-Löwenthal (Kalashnikov) variation"]
[ECO "B32"]
[Time "13:01:27"]
[TimeControl "2700+45"]

1. e4 c5 2. Nf3 Nc6 3. d4 cxd4 4. Nxd4 e5 5. Nb5 d6 6. N1c3 a6 7. Na3 Nf6 8. Be3
Be7 9. Bd3 O-O 10. O-O Bg4 11. Qd2 b5 12. Ne2 Rc8 13. h3 Be6 14. f4 exf4 15.
Nxf4 Qd7 16. Nxe6 Qxe6 17. e5 Nxe5 18. Bf5 Qd5 19. Bxc8 Qxd2 20. Bxd2 Rxc8 21.
c3 Nd3 22. Rab1 Ne4 23. Bf4 d5 24. Nc2 Bc5+ 25. Kh2 g5 26. Bc1 Bd6+ 27. Kg1 Bc5+
28. Nd4 Bxd4+ 29. cxd4 Ng3 30. Bxg5 Nxf1 31. Kxf1 Rc2 32. a4 Nxb2 33. axb5 axb5
34. Bc1 Nd3 35. Bh6 b4 36. Rb3 Rc3 37. Rxc3 bxc3 38. Ke2 Nb4 39. Bc1 Kg7 40. Ba3
Nc6 41. Bc5 Kf6 42. Kd3 Kf5 43. Kxc3 Ke4 44. g3 Nd8 45. Bd6 Ne6 46. Be5 Ng5 47.
h4 Nf3 48. Bf6 h5 49. Bg7 Ng1 50. Kd2 Nf3+ 51. Kc3 Nh2 52. Kb4 Ng4 53. Kc5 Ne3
54. Be5 f5 55. Bf4 Ng4 56. Bg5 Nh2 57. Bh6 Nf3 58. Bg7 Nh2 {Game drawn by mutual
agreement} 1/2-1/2

[Event "Team 45 45 League T38"]
[Site "Internet Chess Club"]
[Date "2008.08.30"]
[Round "6"]
[White "kingphisch"]
[Black "sdcohle"]
[Result "1-0"]
[WhiteElo "1431"]
[BlackElo "1355"]
[Opening "Scotch gambit"]
[ECO "C44"]
[Time "23:00:35"]
[TimeControl "2700+45"]

1. e4 e5 2. Nf3 Nc6 3. d4 exd4 4. Bc4 h6 5. c3 dxc3 6. Nxc3 Bb4 7. Qb3 Qe7 8.
O-O d6 9. Nd5 Qd7 10. Nxb4 Nxb4 11. Qxb4 c6 12. Bf4 Ne7 13. Rad1 O-O 14. Bxd6 a5
15. Qb3 b5 16. Bxf7+ Rxf7 17. Ne5 Qe6 18. Qxe6 Bxe6 19. Nxf7 Ng6 20. Ne5 Nxe5
21. Bxe5 Bxa2 22. Rd6 Re8 23. f4 c5 24. Ra1 Bc4 25. Rxa5 Re7 26. Ra8+ Kh7 27.
Rc8 Rf7 28. Rxc5 g5 29. g3 gxf4 30. Bxf4 Re7 31. Rxh6+ Kg7 32. e5 Rd7 33. Rd6
Re7 34. b3 Be2 35. Kf2 Bg4 36. Rxb5 Rc7 37. Rbb6 Kf7 38. Rf6+ Ke7 39. Rg6 Bf5
40. Rg7+ Kd8 41. Rxc7 Kxc7 42. Rf6 Be4 43. e6+ Kd8 44. h4 Ke7 45. Bg5 Bd5 46. h5
Bxe6 47. Rxe6+ Kxe6 48. h6 Kf7 49. b4 Kg8 50. b5 Kh7 51. b6 Kg6 52. Bf4 Kh7 53.
b7 Kg6 54. b8=Q Kh5 55. Qe5+ Kg4 56. Qg5+ Kh3 57. Qh4# {Black checkmated} 1-0

[Event "Team 45 45 League T38"]
[Site "Internet Chess Club"]
[Date "2008.09.01"]
[Round "6"]
[White "bjc"]
[Black "bajerk"]
[Result "1-0"]
[WhiteElo "1322"]
[BlackElo "1381"]
[Opening "Philidor's defense"]
[ECO "C41"]
[Time "12:11:55"]
[TimeControl "2700+45"]

1. e4 e5 2. Nf3 d6 3. Bb5+ Bd7 4. Qe2 a6 5. Bc4 b5 6. Bb3 Nc6 7. c3 Na5 8. Bc2
c5 9. d4 Nc6 10. Be3 h6 11. O-O Be7 12. Nbd2 Bg4 13. h3 Bh5 14. Nb3 c4 15. Nbd2
f6 16. b4 g5 17. a4 Qc8 18. Rfd1 Bf7 19. Nf1 h5 20. Ng3 g4 21. hxg4 hxg4 22. Nh2
Nh6 23. Bxh6 Rxh6 24. Nxg4 Rh8 25. Nf5 Bh5 26. Ng7+ Kf8 27. Nxh5 Rxh5 28. Nxf6
Rh6 29. Ng4 Rg6 30. Qf3+ Kg7 31. Ne3 Qh8 32. Nf5+ Kg8 33. d5 Rf8 34. dxc6 Rxf5
35. Qxf5 Rh6 36. Kf1 Rf6 37. Qc8+ Bf8 38. axb5 axb5 39. c7 Qh1+ 40. Ke2 Qxg2 41.
Rf1 Qf3+ 42. Kd2 Qf4+ 43. Kd1 Qf3+ 44. Kc1 Qxc3 45. Rg1+ Kf7 46. Qd7+ Be7 47.
Qe8+ Kxe8 48. c8=Q+ Bd8 49. Rg8+ Kf7 50. Ra7+ Be7 51. Qf8+ {Black resigns} 1-0

[Event "Team 45 45 League T38"]
[Site "Internet Chess Club"]
[Date "2008.08.27"]
[Round "6"]
[White "Tomate"]
[Black "GolfSuper"]
[Result "0-1"]
[WhiteElo "1480"]
[BlackElo "1619"]
[Opening "Sicilian: Canal-Sokolsky (Nimzovich-Rossolimo, Moscow) attack"]
[ECO "B51"]
[Time "19:30:14"]
[TimeControl "2700+45"]

1. e4 c5 2. Nf3 d6 3. Bb5+ Nc6 4. O-O Nf6 5. e5 dxe5 6. Nxe5 Qc7 7. Nxc6 bxc6 8.
Bc4 Ng4 9. g3 e5 10. Be2 Nf6 11. Bf3 Bd6 12. d3 h6 13. b3 O-O 14. Bb2 Be6 15.
Nd2 Bd5 16. Re1 Rfe8 17. c4 Bxf3 18. Qxf3 Rad8 19. Nf1 Qd7 20. Ne3 e4 21. dxe4
Nxe4 22. Nf5 Ng5 23. Rxe8+ Rxe8 24. Qc3 Be5 25. Nxh6+ gxh6 26. Qc2 Qh3 27. f4
Nf3+ 28. Kh1 Bxb2 29. Qxb2 Re1+ 30. Rxe1 Nxe1 31. Qe2 Nc2 32. Qxc2 Qf1# {White
checkmated} 0-1

[Event "Team 45 45 League T38"]
[Site "Internet Chess Club"]
[Date "2008.09.01"]
[Round "6"]
[White "curtintime"]
[Black "katabatico"]
[Result "1-0"]
[WhiteElo "1342"]
[BlackElo "1331"]
[Opening "Caro-Kann: classical variation"]
[ECO "B18"]
[Time "14:00:13"]
[TimeControl "2700+45"]

1. e4 c6 2. d4 d5 3. Nc3 dxe4 4. Nxe4 Bf5 5. Bd3 Bg6 6. Nf3 Nd7 7. O-O Qc7 8.
Re1 O-O-O 9. Be3 Kb8 10. Qd2 e6 11. b4 Ngf6 12. Bf4 e5 13. Nxe5 Nxe5 14. Bxe5
Bd6 15. Bxd6 Rxd6 16. Nxd6 Qxd6 17. Bxg6 hxg6 18. h3 Nd5 19. a3 Nf4 20. Qe3 g5
21. Qg3 Qd5 22. c3 Ka8 23. Re5 Qd8 24. Rae1 f6 25. Re7 Qc8 26. Qg4 Qg8 27. Qd7
Qb8 28. Re8 Nxh3+ 29. gxh3 {Black resigns} 1-0

[Event "Team 45 45 League T38"]
[Site "Internet Chess Club"]
[Date "2008.08.30"]
[Round "6"]
[White "Visin"]
[Black "slakkjaw"]
[Result "1-0"]
[WhiteElo "1243"]
[BlackElo "1282"]
[Opening "Scotch opening"]
[ECO "C44"]
[Time "16:10:09"]
[TimeControl "2700+45"]

1. e4 e5 2. Nf3 Nc6 3. d4 d5 4. Nc3 dxe4 5. Nxe4 exd4 6. Bb5 Qd5 7. Bxc6+ Qxc6
8. Qe2 Be7 9. Nxd4 Qd5 10. Nf3 Bf5 11. Nc3 Qe6 12. Nd4 Qxe2+ 13. Ncxe2 Bg6 14.
Bf4 c6 15. c3 Rd8 16. O-O Bf6 17. Rfe1 Ne7 18. Nb3 O-O 19. Rad1 Rxd1 20. Rxd1
Bc2 21. Rd7 Re8 22. Be3 Bd3 23. Rxd3 h6 24. Bxa7 Nc8 25. Be3 Nb6 26. Na5 Ra8 27.
Bxb6 {Black resigns} 1-0

[Event "Team 45 45 League T38"]
[Site "Internet Chess Club"]
[Date "2008.08.30"]
[Round "6"]
[White "jocooper"]
[Black "betto2506"]
[Result "0-1"]
[WhiteElo "1148"]
[BlackElo "1447"]
[Opening "Old Benoni defense"]
[ECO "A43"]
[Time "23:30:06"]
[TimeControl "2700+45"]

1. d4 c5 2. d5 d6 3. c4 g6 4. Nc3 Bg7 5. Bd2 Nf6 6. Nf3 Nbd7 7. e4 Nb6 8. b3 Bg4
9. Be2 O-O 10. Rb1 Nfd7 11. h3 Bxf3 12. Bxf3 Ne5 13. Qe2 Nxf3+ 14. Qxf3 f5 15.
O-O fxe4 16. Qxe4 Qd7 17. Qd3 Rf7 18. Rbe1 Raf8 19. Re2 Qd8 20. Bg5 Re8 21. Bh4
Nd7 22. Nd1 Ne5 23. Qd2 a6 24. Qc3 Ng4 25. Qg3 Nh6 26. Ne3 Qd7 27. a3 Be5 28.
Qg5 Bf4 29. Qxf4 Rxf4 30. Bg5 Rd4 31. Bxh6 Rd3 32. Rb1 b5 33. Kf1 e5 34. dxe6
Qxe6 35. Ng4 Qxe2+ 36. Kg1 Rd1+ 37. Rxd1 Qxd1+ 38. Kh2 Kf7 {White resigns} 0-1

[Event "Team 45 45 League T38"]
[Site "Internet Chess Club"]
[Date "2008.08.31"]
[Round "6"]
[White "beerss"]
[Black "Heraclitus"]
[Result "1/2-1/2"]
[WhiteElo "1463"]
[BlackElo "1528"]
[Opening "Bird's opening"]
[ECO "A02"]
[Time "21:00:13"]
[TimeControl "2700+45"]

1. f4 b6 2. Nf3 Bb7 3. e3 c5 4. Be2 Nc6 5. O-O Nf6 6. b3 d5 7. d3 d4 8. e4 e6 9.
Ne5 Be7 10. Nxc6 Bxc6 11. Na3 O-O 12. Nc4 Nd7 13. Ne5 Nxe5 14. fxe5 Bg5 15. Kh1
Be3 16. Rf3 Qg5 17. Qf1 Qxe5 18. Bxe3 dxe3 19. Rxe3 Qc3 20. Qc1 Rad8 21. Rg3 f5
22. Rb1 fxe4 23. Qg5 Rd7 24. Qg4 Rdf7 25. Qxe6 Ba8 26. dxe4 Qf6 27. Qxf6 Rxf6
28. Bc4+ Kh8 29. e5 Rf2 30. Rc1 Bd5 31. h3 Bxc4 32. bxc4 Re2 33. Ra3 Rf7 34. Rd1
h6 35. Rd8+ Kh7 36. Ra8 Rxe5 37. R8xa7 Rf1+ 38. Kh2 Re2 39. R7a6 Rff2 40. Rg3
Kg8 41. Rxb6 Rxc2 42. Rc6 Rxc4 43. a4 Rf7 44. a5 Ra7 45. Ra3 Rc2 46. a6 Kh7 47.
Rb6 c4 48. Rb7 Rxb7 49. axb7 Rb2 50. Rc3 Rb4 51. b8=Q Rxb8 52. Rxc4 Rb2 53. Rc7
h5 54. h4 Kh6 55. Kh3 g6 56. Rc6 Re2 57. Rc3 Kg7 58. Rf3 Re5 59. g4 hxg4+ 60.
Kxg4 Kh6 61. Rf4 Ra5 62. Rb4 Ra1 63. Rb3 Ra4+ 64. Kh3 Rf4 65. Rb5 Rf5 66. Rxf5
gxf5 67. Kg3 Kh5 68. Kf4 Kxh4 69. Kxf5 {Game drawn because neither player has
mating material} 1/2-1/2

[Event "Team 45 45 League T38"]
[Site "Internet Chess Club"]
[Date "2008.08.29"]
[Round "6"]
[White "DaMelch"]
[Black "medsurg"]
[Result "0-1"]
[WhiteElo "1280"]
[BlackElo "1264"]
[Opening "KGD: Falkbeer, Réti variation"]
[ECO "C32"]
[Time "23:00:06"]
[TimeControl "2700+45"]

1. e4 e5 2. f4 d5 3. exd5 e4 4. Qe2 Nf6 5. d3 Bc5 6. dxe4 Bg4 7. Nf3 Nxe4 8.
Qxe4+ Kf8 9. Ng5 f6 10. Ne6+ Bxe6 11. Qxe6 Qe7 12. Qxe7+ Kxe7 13. Nc3 Kf7 14.
Bc4 Re8+ 15. Ne2 Nd7 16. d6+ Kf8 17. dxc7 Rac8 18. Bb5 Rxc7 19. Bxd7 Rxd7 20.
Bd2 Rde7 21. O-O-O Rxe2 22. Rhe1 Rxg2 23. Rxe8+ Kxe8 24. Re1+ Kf7 25. b3 Rxh2
26. a4 Ba3+ 27. Kd1 Bc5 28. Re2 Rh1+ 29. Re1 Rh2 30. Re2 Bf2 31. c3 Rh1+ 32. Be1
Bg3 33. f5 h5 34. c4 h4 {White resigns} 0-1

[Event "Team 45 45 League T38"]
[Site "Internet Chess Club"]
[Date "2008.08.31"]
[Round "6"]
[White "AlonzoMosely"]
[Black "akdog3"]
[Result "1/2-1/2"]
[WhiteElo "2315"]
[BlackElo "2239"]
[Opening "Dutch with c4 & Nc3"]
[ECO "A85"]
[Time "11:30:20"]
[TimeControl "2700+45"]

1. d4 f5 2. c4 Nf6 3. Nc3 e6 4. e3 b6 5. a3 Bb7 6. Nf3 g6 7. Bd3 Bg7 8. O-O O-O
9. Qc2 Bxf3 10. gxf3 Nh5 11. f4 Qh4 12. Kh1 d6 13. b4 Nd7 14. Rg1 c6 15. Bb2 e5
16. fxe5 dxe5 17. d5 c5 18. Raf1 e4 19. Be2 Ne5 20. Nb5 Rf7 21. Bc3 Nf3 22. Bxf3
exf3 23. Nd6 Rd7 24. Nxf5 Qxc4 25. Nxg7 Nxg7 26. bxc5 bxc5 27. e4 Ne8 28. Re1
Nd6 29. a4 Nf7 30. Qd2 Re8 31. Rg4 Ne5 32. Bxe5 Rxe5 33. Qf4 Qd4 34. Rb1 Kg7 35.
Qxf3 Rf7 36. Qe3 Rxf2 37. Qg3 Rf7 38. Rg1 Rf6 39. Rb1 Rf7 40. Rg1 Rf6 41. Rb1
{Game drawn by mutual agreement} 1/2-1/2

[Event "Team 45 45 League T38"]
[Site "Internet Chess Club"]
[Date "2008.08.29"]
[Round "6"]
[White "DTK"]
[Black "RONENOSH9"]
[Result "1-0"]
[WhiteElo "2176"]
[BlackElo "2061"]
[Opening "Caro-Kann: advance variation"]
[ECO "B12"]
[Time "16:30:10"]
[TimeControl "2700+45"]

1. e4 c6 2. d4 d5 3. e5 Bf5 4. Nf3 e6 5. Be2 c5 6. Be3 Qb6 7. c4 Qxb2 8. O-O Nc6
9. cxd5 exd5 10. dxc5 O-O-O 11. Nbd2 f6 12. e6 g5 13. Nb3 Nge7 14. Nfd4 Bg6 15.
Bd3 Ne5 16. Bxg6 hxg6 17. Nb5 Nf5 18. Bc1 Nf3+ 19. Qxf3 Qe5 20. g3 Bxc5 21. Nxc5
Rh3 22. Bf4 gxf4 23. Rac1 Kb8 24. Nd7+ Rxd7 25. exd7 Rh8 26. Qxf4 {Black
resigns} 1-0

[Event "Team 45 45 League T38"]
[Site "Internet Chess Club"]
[Date "2008.08.31"]
[Round "6"]
[White "PUUNTUUPPAAJA"]
[Black "Ser-Enigma"]
[Result "1-0"]
[WhiteElo "2044"]
[BlackElo "2065"]
[Opening "KGD: Falkbeer, 3...e4"]
[ECO "C32"]
[Time "10:19:06"]
[TimeControl "2700+45"]

1. e4 e5 2. f4 d5 3. exd5 e4 4. Nc3 Nf6 5. d3 Bb4 6. Bd2 exd3 7. Bxd3 O-O 8.
Nge2 Re8 9. O-O Bc5+ 10. Kh1 Ng4 11. Ne4 Ne3 12. Bxe3 Bxe3 13. N2c3 c6 14. dxc6
Nxc6 15. Qh5 h6 16. Rae1 Bd4 17. Ng5 Be6 18. Rxe6 Rxe6 19. Qxf7+ Kh8 20. Nxe6
{Black resigns} 1-0

[Event "Team 45 45 League T38"]
[Site "Internet Chess Club"]
[Date "2008.09.01"]
[Round "6"]
[White "chsrules88"]
[Black "DavidBarnsley"]
[Result "0-1"]
[WhiteElo "2053"]
[BlackElo "2069"]
[Opening "French: advance, Euwe variation"]
[ECO "C02"]
[Time "13:02:27"]
[TimeControl "2700+45"]

1. e4 e6 2. d4 d5 3. e5 c5 4. c3 Nc6 5. Nf3 Bd7 6. Bd3 cxd4 7. cxd4 Qb6 8. Bc2
Nb4 9. O-O Nxc2 10. Qxc2 Rc8 11. Nc3 Ne7 12. Rd1 Nc6 13. a3 a5 14. Be3 Ne7 15.
Rac1 Nf5 16. Bf4 Be7 17. g4 Nh4 18. Nxh4 Bxh4 19. g5 h6 20. g6 O-O 21. Bg3 Bxg3
22. gxf7+ Rxf7 23. hxg3 Rc4 24. Qd2 Rf5 25. Ne2 Qc6 26. Qxa5 Rc2 27. Rxc2 Qxc2
28. Qd2 Qe4 29. Nf4 Qf3 30. Qe2 Rxf4 {White resigns} 0-1

[Event "Team 45 45 League T38"]
[Site "Internet Chess Club"]
[Date "2008.08.30"]
[Round "6"]
[White "NFork"]
[Black "menorca"]
[Result "1-0"]
[WhiteElo "2212"]
[BlackElo "2129"]
[Opening "Benko's opening"]
[ECO "A00"]
[Time "10:02:52"]
[TimeControl "2700+45"]

1. g3 d5 2. Bg2 Nf6 3. Nf3 c5 4. O-O Nc6 5. d4 cxd4 6. Nxd4 Qb6 7. Nb3 Bf5 8.
Be3 Qc7 9. Nc3 Rd8 10. Bf4 Qc8 11. Bg5 e6 12. Bxf6 gxf6 13. Rc1 Bb4 14. Nb5 a6
15. N5d4 Bg6 16. Nxc6 bxc6 17. Qd4 Be7 18. Qa4 Qb7 19. c4 O-O 20. Na5 Qxb2 21.
Nxc6 Rde8 22. cxd5 exd5 23. Qxa6 Bd6 24. Na5 Bb4 25. Nb3 Rxe2 26. Qb5 Ba3 27.
Bxd5 Qe5 28. Ra1 Rb8 29. Qa6 Bb2 30. Bf3 Rc2 31. Rad1 Qf5 32. Kg2 Rc3 33. Nd4
Qc5 34. Nc6 Re8 35. Rfe1 Rxe1 36. Rxe1 Rxf3 37. Ne7+ Kg7 38. Kxf3 Bh5+ 39. g4
Bxg4+ 40. Kxg4 Qg5+ 41. Kf3 Qh5+ 42. Kg2 Qg4+ 43. Kf1 Qh3+ 44. Ke2 Qg4+ 45. f3
Qg2+ 46. Ke3 Qg5+ 47. f4 Qc5+ 48. Kf3 Qh5+ 49. Kg3 Bc3 50. Rg1 Bd4 51. Qc8 Qb5
52. Kh4+ Bxg1 53. Qg8+ {Black resigns} 1-0

[Event "Team 45 45 League T38"]
[Site "Internet Chess Club"]
[Date "2008.09.01"]
[Round "6"]
[White "lapau"]
[Black "eurander"]
[Result "0-1"]
[WhiteElo "2087"]
[BlackElo "2192"]
[Opening "Nimzo-Indian: three knights variation"]
[ECO "E21"]
[Time "15:32:29"]
[TimeControl "2700+45"]

1. d4 Nf6 2. c4 e6 3. Nc3 Bb4 4. Nf3 O-O 5. Bg5 c5 6. Qc2 cxd4 7. Nxd4 Nc6 8. e3
d5 9. Rd1 a6 10. Bd3 h6 11. Bh4 Nxd4 12. exd4 dxc4 13. Bxc4 b5 14. Bd3 Bb7 15.
O-O Rc8 16. Qb3 Bxc3 17. bxc3 Qd5 18. Qxd5 Nxd5 19. c4 bxc4 20. Be4 f5 21. Bxd5
Bxd5 22. Be7 Rf7 23. Bb4 c3 24. Rc1 Rfc7 25. a3 Rc4 26. Rfe1 c2 27. Bc5 Rb8 28.
f3 a5 29. Kf2 Kf7 30. Re2 Rb2 31. Ke1 f4 32. Kd2 g5 33. h3 h5 34. Kd3 Rb3+ 35.
Kd2 Rbc3 36. Re5 g4 37. hxg4 hxg4 38. fxg4 Bxg2 39. g5 Bd5 40. Bb6 Rxa3 41. Re2
f3 42. Rf2 Ra2 43. Kd3 Kg6 44. Bd8 a4 45. Be7 Rb2 46. Rh2 Rb3+ 47. Kd2 Rxd4+ 48.
Ke1 Re3+ 49. Kf2 Re2+ 50. Kg3 Rxh2 51. Kxh2 f2 52. Ba3 Rd1 {White resigns} 0-1

[Event "Team 45 45 League T38"]
[Site "Internet Chess Club"]
[Date "2008.09.01"]
[Round "6"]
[White "nardz"]
[Black "PopolVuh"]
[Result "0-1"]
[WhiteElo "2088"]
[BlackElo "1992"]
[Opening "King's Indian: Four pawns attack, dynamic line"]
[ECO "A56"]
[Time "10:01:25"]
[TimeControl "2700+45"]

1. d4 Nf6 2. c4 c5 3. d5 d6 4. Nc3 g6 5. e4 Bg7 6. f4 O-O 7. Nf3 e6 8. Bd3 exd5
9. cxd5 b5 10. O-O c4 11. Bc2 b4 12. Nb1 Re8 13. Re1 Ng4 14. Re2 Qb6+ 15. Kf1
Ba6 16. h3 c3 17. Bd3 cxb2 18. Bxb2 Bxb2 19. hxg4 Bxa1 20. Bxa6 Qxa6 {White
resigns} 0-1

[Event "Team 45 45 League T38"]
[Site "Internet Chess Club"]
[Date "2008.09.02"]
[Round "6"]
[White "parrot9"]
[Black "tryanything"]
[Result "0-1"]
[WhiteElo "1693"]
[BlackElo "1707"]
[Opening "Scotch game"]
[ECO "C45"]
[Time "17:56:46"]
[TimeControl "2700+45"]

1. e4 e5 2. Nf3 Nc6 3. d4 exd4 4. Nxd4 Bc5 5. Be3 Qf6 6. c3 d6 7. Bb5 Bd7 8. O-O
Nge7 9. Re1 O-O-O 10. b4 Bxd4 11. Bxd4 Nxd4 12. Bxd7+ Rxd7 13. cxd4 Nc6 14. b5
Nxd4 15. Na3 Rhd8 16. Qa4 Kb8 17. Rad1 c5 18. bxc6 Nxc6 19. Rb1 d5 20. Rec1 Rc8
21. Rd1 d4 22. Nc4 Re7 23. Na5 Nxa5 24. Qxa5 Qc6 25. Qb4 Rxe4 26. f3 Re6 27.
Rxd4 Qb6 28. Qxb6 Rxb6 29. Rxb6 axb6 30. Rd7 Rc7 31. Rd2 f5 32. Rb2 Rc6 33. Re2
g6 34. Kf2 b5 35. Kg3 Ka7 36. Kf4 Rc7 37. h4 Kb6 38. g4 fxg4 39. fxg4 b4 40. Rb2
Ka5 41. Rb3 Ka4 42. Kg5 b5 43. Rb2 Ka3 44. Rb3+ Kxa2 45. Rxb4 Rb7 46. Kf6 Ka3
47. Rb1 b4 48. Ke5 b3 49. Kd4 Ka2 50. Rf1 b2 51. Ke5 b1=Q 52. Rxb1 Kxb1 53. Kf6
Kc2 54. h5 gxh5 55. g5 {White resigns} 0-1

[Event "Team 45 45 League T38"]
[Site "Internet Chess Club"]
[Date "2008.09.01"]
[Round "6"]
[White "LIVVI"]
[Black "ElmerHo"]
[Result "1-0"]
[WhiteElo "1481"]
[BlackElo "1590"]
[Opening "Queen's pawn game, Darooha variation "]
[ECO "D02"]
[Time "19:00:07"]
[TimeControl "2700+45"]

1. Nf3 d5 2. d4 Nf6 3. Nc3 Bf5 4. e3 e6 5. a3 Bd6 6. Bd3 Bxd3 7. Qxd3 a6 8. O-O
Nbd7 9. Re1 O-O 10. e4 dxe4 11. Nxe4 Nxe4 12. Rxe4 Nf6 13. Bg5 Be7 14. Bxf6 Bxf6
15. Rd1 c6 16. Ne5 Bxe5 17. dxe5 Qxd3 18. Rxd3 Rfd8 19. Red4 Rxd4 20. Rxd4 Kf8
21. f4 Ke7 22. Kf2 Rd8 23. Rxd8 Kxd8 24. Ke3 Ke7 25. Kd4 b6 26. b4 f6 27. c4 Kd7
28. a4 f5 29. a5 bxa5 30. bxa5 g6 31. Kc5 Kc7 32. h3 h6 33. Kd4 Kd7 34. c5 Ke7
35. Ke3 h5 36. Kf3 Kf7 37. Kg3 Kg7 38. Kh4 Kh6 39. g4 hxg4 40. hxg4 Kg7 41. gxf5
gxf5 42. Kg5 Kf7 43. Kh6 Kf8 44. Kg6 Ke7 45. Kg7 Ke8 46. Kf6 Kd7 47. Kf7 {Black
resigns} 1-0